 Dungeon Crawl Stone Soup version 0.23.0 (webtiles) character file.

Game seed: 6897375226337811429

2973 Geeful the Fighter (level 9, 0/102 HPs)
             Began as a Naga Warper on Feb 20, 2019.
             Was an Initiate of Cheibriados.
             Slain by an orc warrior
             ... wielding a +0 glaive
              (5 damage)
             ... on level 7 of the Dungeon on Feb 25, 2019.
             The game lasted 00:26:18 (7091 turns).

Geeful the Fighter (Naga Warper)                    Turns: 7091, Time: 00:26:19

Health: 0/102      AC: 15    Str: 16    XL:     9   Next: 82%
Magic:  12/12      EV: 10    Int: 15    God:    Cheibriados [......]
Gold:   494        SH:  0    Dex: 15    Spells: 12/12 levels left

rFire    + . .     SeeInvis +   l - +7 flail (protect)
rCold    . . .     Gourm    .   (no shield)
rNeg     . . .     Faith    .   c - +3 leather armour {rF+}
rPois    +         Spirit   .   p - +0 helmet (curse)
rElec    .         Reflect  .   (no cloak)
rCorr    .         Harm     .   (no gloves)
MR       +....                  (no barding)
Stlth    +.........             (no amulet)
HPRegen  0.27/turn              r - +2 ring of strength
MPRegen  0.13/turn              (no ring)

@: protection aura, very slow
A: large, see invisible, deformed body, poison resistance, slowness 2, slow
metabolism 1, spit poison 1, AC +3
a: Spit Poison, Bend Time, Renounce Religion


You were on level 7 of the Dungeon.
You worshipped Cheibriados.
Cheibriados was noncommittal.
You were hungry.

You visited 2 branches of the dungeon, and saw 8 of its levels.
You also visited: Sewer.

You collected 494 gold pieces.

Inventory:

Hand Weapons
 a - a +0 spear
 g - a +0 hand axe of venom
 l - a +7 flail of protection (weapon)
Missiles
 e - 5 tomahawks of dispersal (quivered)
 n - 5 tomahawks
Armour
 c - a +3 leather armour of fire resistance (worn)
 j - a +1 robe
 p - a cursed +0 helmet (worn)
Jewellery
 q - an uncursed ring of ice
 r - a +2 ring of strength (left hand)
Wands
 o - a wand of enslavement (8)
Scrolls
 d - a scroll of blinking
 h - 6 scrolls of remove curse
 m - 4 scrolls of fog
 v - a scroll of identify
 w - 2 scrolls of teleportation
 x - a scroll of enchant armour
 C - a scroll of magic mapping
Potions
 b - 3 potions of haste
 i - a potion of mutation
 k - 5 potions of flight
 s - a potion of degeneration
 u - a potion of might
 z - a potion of brilliance
 B - 2 potions of heal wounds
 D - 2 potions of invisibility
 F - a potion of ambrosia
Comestibles
 f - 13 rations


   Skills:
 + Level 13.0 Fighting
 - Level 2.0 Polearms
 - Level 0.8 Throwing
 - Level 0.8 Armour
 - Level 1.5 Dodging
 - Level 2.0 Spellcasting
   Level 3.0 Translocations


You had 12 spell levels left.
You didn't know any spells.
Your spell library contained the following spells:

 Spells                   Type           Power        Failure   Level  Hunger
 Blink                    Tloc           N/A          12%         2    ###....
 Shroud of Golubria       Chrm/Tloc      #.........   22%         2    ###....
 Gell's Gravitas          Tloc           ##........   24%         3    ###....
 Lesser Beckoning         Tloc           ##........   24%         3    ###....
 Teleport Other           Tloc           ##......     24%         3    ###....
 Confusing Touch          Hex            #.....       26%         1    #......
 Passage of Golubria      Tloc           N/A          61%         4    #####..
 Confuse                  Hex            #.......     63%         3    ###....
 Petrify                  Tmut/Erth      #.......     95%         4    #####..
 Metabolic Englaciation   Hex/Ice        #.........   100%        5    ######.
 Yara's Violent Unravell  Hex/Tmut       #.........   100%        5    ######.


Dungeon Overview and Level Annotations

Branches:
Dungeon (7/15)             Temple (1/1) D:6

Altars:
Ashenzari
Cheibriados
Dithmenos
Fedhas
Gozag
Hepliaklqana
Makhleb
Nemelex Xobeh
Qazlal
Ru
Uskayaw
Vehumet
Wu Jian
Xom
Yredelemnul
Zin
The Shining One

Shops:
D:4 ?   D:6 ?


Innate Abilities, Weirdness & Mutations

You cannot wear boots.
Your serpentine skin is tough. (AC +3)
You have supernaturally acute eyesight. (SInv)
Armour fits poorly on your strangely shaped body.
Your system is resistant to poisons. (rPois)
You cover ground very slowly.
You have a slow metabolism.
You can spit poison.


Message History

The orc warrior barely misses you.
You have got your breath back.
The orc warrior misses you.
Things that are here:
a +0 dagger; a +0 robe You hit the orc warrior but do no damage.
The orc warrior hits you but does no damage.
You bludgeon the orc warrior!!
The orc warrior is heavily wounded.
The orc warrior hits you with a +0 glaive!!
You completely miss the orc warrior.
The orc warrior is heavily wounded.
The orc warrior hits you with a +0 glaive!!
* * * LOW HITPOINT WARNING * * *
You barely miss the orc warrior.
The orc warrior is heavily wounded.
The orc warrior hits you with a +0 glaive!
* * * LOW HITPOINT WARNING * * *
The orc warrior hits you with a +0 glaive.
You die...

...... ..#
...... ...##
...... ....
.#....###..#
...........#
...........#
.......o#
.##.###o# #@#
#.#
.............#
.##.###.#.####
#.#.# .)# #
###


You could see an orc warrior and an orc.

Vanquished Creatures
  An unseen horror (D:6)
  Pikel (D:3)
  A hippogriff (D:6)
  Sigmund (D:3)
  Edmund (D:4)
  An orc warrior (D:7)
  2 sky beasts
  A black bear (D:5)
  A slave (D:4)
  2 ogres
  2 centaurs
  A big kobold (Sewer)
  A bullfrog (D:6)
  A howler monkey (D:6)
  A crimson imp (D:5)
  A centaur zombie (D:3)
  2 hounds
  A bullfrog zombie (D:5)
  A bullfrog skeleton (D:5)
  Jessica (D:3)
  2 iguanas
  6 orc wizards
  A worker ant (D:6)
  A gnoll (D:3)
  6 adders
  2 river rats (D:5)
  2 oozes
  2 worms
  A leopard gecko (D:3)
  10 orcs
  2 ball pythons
  7 giant cockroaches
  6 goblins
  4 hobgoblins
  9 jackals
  5 quokkas
  A ball python skeleton (D:4)
  9 bats
  5 frilled lizards
  15 kobolds
  14 rats
134 creatures vanquished.

Vanquished Creatures (others)
  A worm (D:4)
1 creature vanquished.

Grand Total: 135 creatures vanquished

Notes
Turn   | Place    | Note
-------+----------+-------------------------------------------
     0 | D:1      | Geeful the Naga Warper began the quest for the Orb.
     0 | D:1      | Reached XP level 1. HP: 19/19 MP: 3/3
   423 | D:1      | Reached XP level 2. HP: 22/27 MP: 5/5
   940 | D:2      | Reached skill level 3 in Fighting
   955 | D:2      | Reached XP level 3. HP: 20/34 MP: 6/6
  1785 | D:2      | Found a stormy altar of Qazlal.
  1876 | D:2      | Found a sacrificial altar of Ru.
  2008 | D:2      | Reached skill level 4 in Fighting
  2058 | D:3      | Reached XP level 4. HP: 41/44 MP: 7/7
  2059 | D:3      | Noticed Sigmund
  2075 | D:3      | Killed Sigmund
  2075 | D:3      | Reached skill level 5 in Fighting
  2075 | D:3      | Reached XP level 5. HP: 20/55 MP: 8/8
  2309 | D:3      | Found a shadowy altar of Dithmenos.
  2309 | D:3      | Found a glowing golden altar of the Shining One.
  2436 | D:3      | Reached skill level 6 in Fighting
  2436 | D:3      | Reached XP level 6. HP: 47/62 MP: 9/9
  2834 | D:3      | Noticed Jessica
  2849 | D:3      | Killed Jessica
  3142 | D:3      | Found a hazy altar of Hepliaklqana.
  3160 | D:3      | Reached skill level 7 in Fighting
  3625 | D:4      | Noticed Edmund
  3663 | D:4      | Killed Edmund
  3663 | D:4      | Reached XP level 7. HP: 23/73 MP: 10/10
  4055 | D:4      | Found Ciphea's Magic Scroll Boutique.
  4106 | D:4      | Noticed Pikel
  4138 | D:3      | Killed Pikel
  4138 | D:3      | Reached skill level 9 in Fighting
  4138 | D:3      | Reached XP level 8. HP: 45/85 MP: 11/11
  4542 | D:4      | Found a hide-covered altar of Uskayaw.
  4862 | D:5      | Entered Level 5 of the Dungeon
  4917 | D:5      | Found a stormy altar of Qazlal.
  5009 | D:5      | Reached skill level 10 in Fighting
  5076 | D:5      | Found a sparkling altar of Nemelex Xobeh.
  5127 | D:5      | Found a glowing drain.
  5169 | Sewer    | Entered a sewer
  5379 | Sewer    | Found a white marble altar of Elyvilon.
  5532 | D:5      | Reached skill level 11 in Fighting
  5571 | D:5      | Reached XP level 9. HP: 97/97 MP: 12/12
  5586 | D:5      | Found a burning altar of Makhleb.
  5926 | D:6      | Found a staircase to the Ecumenical Temple.
  5944 | Temple   | Entered the Ecumenical Temple
  5948 | Temple   | Became a worshipper of Cheibriados the Contemplative
  5976 | D:6      | Found Ripniati's Magic Scroll Emporium.
  6416 | D:6      | Found a glowing golden altar of the Shining One.
  6576 | D:7      | Noticed an unseen horror
  6617 | D:6      | Killed an unseen horror
  6617 | D:6      | Reached skill level 12 in Fighting
  6864 | D:6      | Was placed under penance by Cheibriados
  6873 | D:6      | Was forgiven by Cheibriados
  7086 | D:7      | Reached skill level 13 in Fighting
  7091 | D:7      | HP: 5/102 [orc warrior/+0 glaive (9)]
  7091 | D:7      | Slain by an orc warrior

Skill      XL: |  1  2  3  4  5  6  7  8  9 |
---------------+----------------------------+-----
Fighting       | 3 4 5 6 7 9 11 13 | 13.0
Polearms       | |  2.0
Throwing       | |  0.8
Armour         | |  0.8
Dodging        | |  1.5
Spellcasting   | |  2.0
Translocations | |  3.0

Action                   |  1- 3 |  4- 6 |  7- 9 || total
-------------------------+-------+-------+-------++-------
Melee: Spear             |   154 |   189 |    27 ||   370
       Flail             |       |       |   230 ||   230
       Hand axe          |       |       |     3 ||     3
 Abil: Spit Poison       |     5 |    16 |    20 ||    41
       Evoke Berserk Rag |       |     1 |     1 ||     2
  Use: Scroll            |     4 |     5 |     6 ||    15
       Potion            |       |     9 |     1 ||    10
 Stab: Sleeping          |     1 |       |       ||     1
  Eat: Chunk             |     3 |     5 |     9 ||    17
       Ration            |       |       |     1 ||     1
Armor: Leather armour    |    32 |    56 |   214 ||   302
       Robe              |       |    10 |       ||    10
Dodge: Dodged            |    78 |    86 |   195 ||   359
